 Dungeon Crawl Stone Soup version 0.25.1-8-g42b30a86e7 (webtiles) character file.

Game seed: 3571958698067228589

114 growler the Gusty (level 4, -1/24 HPs)
             Began as a Tengu Air Elementalist on Dec 8, 2020.
             Slain by Crazy Yiuf
             ... wielding a +4 quarterstaff of chaos
              (3 damage)
             ... on level 2 of the Dungeon on Dec 9, 2020.
             The game lasted 00:14:10 (2766 turns).

growler the Gusty (Tengu Air Elementalist)          Turns: 2766, Time: 00:14:10

Health: -1/24      AC:  2    Str:  8    XL:     4   Next: 97%
Magic:  6/9        EV: 12    Int: 16    God:
Gold:   90         SH:  0    Dex: 15    Spells: 3/9 levels left

rFire    . . .     SeeInvis .   k - +1 short sword (drain)
rCold    . . .     Gourm    .   (no shield)
rNeg     . . .     Faith    .   a - +0 robe
rPois    .         Spirit   .   (helmet restricted)
rElec    .         Reflect  .   (no cloak)
rCorr    .         Harm     .   (no gloves)
MR       .....                  (boots unavailable)
Stlth    ++........             (no amulet)
HPRegen  0.08/turn              (no ring)
MPRegen  0.11/turn              (no ring)

@: lightly drained
A: beak, talons 3
a: no special abilities


You were on level 2 of the Dungeon.
You were hungry.

You visited 1 branch of the dungeon, and saw 2 of its levels.

You collected 90 gold pieces.

Inventory:

Hand Weapons
 g - a +0 dagger
   (You took it off a goblin on level 1 of the Dungeon)
 k - a +1 short sword of draining (weapon)
   (You took it off a kobold on level 2 of the Dungeon)
Armour
 a - a +0 robe (worn)
 c - a +0 leather armour
   (You found it on level 1 of the Dungeon)
Scrolls
 d - a scroll of identify {unknown}
 h - a scroll of amnesia {unknown}
 j - a scroll of fog {unknown}
Potions
 f - a potion of brilliance {unknown}
 i - a potion of magic {unknown}
Comestibles
 e - 3 rations {!d}


   Skills:
 - Level 2.1(1.8) Dodging
 - Level 2.0(1.6) Stealth
 + Level 3.0(2.6) Spellcasting
 + Level 3.6(3.2) Conjurations
 + Level 5.3(4.9) Air Magic


You had 3 spell levels left.
You knew the following spells:

 Your Spells              Type           Power        Failure   Level  Hunger
a - Shock                 Conj/Air       ###.         3%          1    #......
d - Static Discharge      Conj/Air       ###.....     11%         3    ###....
s - Swiftness             Chrm/Air       #.......     11%         2    ##.....

Your spell library contained the following spells:

 Spells                   Type           Power        Failure   Level  Hunger
 Airstrike                Air            ###.......   26%         4    #####..
 Lightning Bolt           Conj/Air       ###.......   71%         5    ######.


Dungeon Overview and Level Annotations

Branches:
Dungeon (2/15)

Altars:
Cheibriados
Okawaru
Ru
Sif Muna

Annotations:
D:2 Crazy Yiuf


Innate Abilities, Weirdness & Mutations

You have a beak for a mouth.
You have claws for feet.


Message History

a +0 halberd; a gnoll corpse You butcher the gnoll corpse.
b - 11 chunks of flesh (gained 4)
Things that are here:
a +0 halberd; a gnoll skeleton Eating one of 11 chunks of flesh.
You eat one of the 11 chunks of flesh.
Things that are here:
a +0 spear; a gnoll skeleton
Things that are here:
a +0 spear; a gnoll skeleton A kobold comes into view.
It is wielding a +1 short sword of draining.
Aim: a kobold, wielding a +1 short sword of draining (asleep)
The zap hits the kobold!
You kill the kobold!
An ooze comes into view.
You see here a +1 short sword of draining.
Aim: an ooze The zap hits the ooze.
Aim: an ooze (lightly wounded)
The zap hits the ooze.
Aim: an ooze (moderately wounded)
The zap hits the ooze.
Aim: an ooze (severely wounded)
The zap hits the ooze.
The ooze hits you.
Aim: an ooze (almost dead)
The zap hits the ooze.
You kill the ooze!
k - a +1 short sword of draining You sense an unholy aura.
k - a +1 short sword of draining (weapon)
All of the chunks of flesh in your inventory have rotted away.
You are feeling hungry.
There is an escape hatch in the ceiling here.
Crazy Yiuf shouts!
You open the door.
Crazy Yiuf twirls on the spot.
Crazy Yiuf says, "Snoogle water eyeball!"
Crazy Yiuf says, "Scoff!"
Crazy Yiuf opens the door.
Crazy Yiuf says, "Iron!
Race tired arm."
The zap misses Crazy Yiuf.
The zap hits Crazy Yiuf.
The zap hits Crazy Yiuf. x2
Crazy Yiuf hits you with a +4 quarterstaff of chaos.
The zap hits Crazy Yiuf. x2
Crazy Yiuf cries, "You leg down broken song, no?"
Crazy Yiuf hits you with a +4 quarterstaff of chaos!
Ouch! That really hurt!
* * * LOW HITPOINT WARNING * * *
You feel drained.
You die...

##.#..................#
.....##..#####..###..##
#.)#.....# #.#...#.#
#.......## #.......#
..##.#### ###.#####
####.# #.# ...#.# #.#
.....# #.# ##.### #@#
#### #g# # #.## #
♣♣♣♣♣##..# # ###
♣♣♣.♣..'.#.# #
#...#♣..♣.......#
#...'.♣♣♣♣......#
#)..#♣♣ ♣♣.+..## ###
♣♣####


You could see Crazy Yiuf.

Vanquished Creatures
  3 gnolls (D:2)
  An adder (D:2)
  An ooze (D:2)
  A worm (D:2)
  3 leopard geckos (D:2)
  A ball python (D:1)
  4 giant cockroaches
  11 goblins
  8 hobgoblins
  4 jackals
  2 quokkas (D:2)
  8 bats
  5 frilled lizards
  4 kobolds
  8 rats
64 creatures vanquished.

Notes
Turn   | Place    | Note
-------+----------+-------------------------------------------
     0 | D:1      | growler the Tengu Air Elementalist began the quest for the
                  | Orb.
     0 | D:1      | Reached XP level 1. HP: 10/10 MP: 4/4
   276 | D:1      | Reached XP level 2. HP: 15/15 MP: 0/6
   366 | D:1      | Learned a level 2 spell: Swiftness
   809 | D:1      | Reached XP level 3. HP: 19/19 MP: 3/7
  1279 | D:1      | Learned a level 3 spell: Static Discharge
  1512 | D:2      | Found a snail-covered altar of Cheibriados.
  1564 | D:2      | Found an iron altar of Okawaru.
  1656 | D:2      | Found a sacrificial altar of Ru.
  1656 | D:2      | Found a shimmering blue altar of Sif Muna.
  1678 | D:2      | Reached XP level 4. HP: 24/24 MP: 6/9
  1882 | D:2      | Reached skill level 5 in Air Magic
  2263 | D:2      | Found a runed translucent door.
  2264 | D:2      | Noticed Crazy Yiuf
  2766 | D:2      | Slain by Crazy Yiuf

Illustrated notes

Levels and vault maps discovered:
D:1:      sevenhm_arrival_forest_fort_large_1, layout_loops_ring
D:2:      layout_loops_cross, grunt_temple_overflow_open,
          uniq_crazy_yiuf_cottage

Skill      XL: |  1  2  3  4 |
---------------+-------------+-----
Conjurations   | 2 3 |  3.6
Air Magic      | 5 |  5.3
Spellcasting   | 3 |  3.0
Dodging        | |  2.1
Stealth        | |  2.0

Action                   |  1- 3 |  4- 6 || total
-------------------------+-------+-------++-------
Melee: Unarmed           |     3 |       ||     3
       Peck              |     4 |     4 ||     8
       Dagger            |     7 |    26 ||    33
       Kick              |     1 |     4 ||     5
 Cast: Shock             |    74 |    30 ||   104
       Static Discharge  |     1 |       ||     1
 Stab: Sleeping          |       |     1 ||     1
  Eat: Chunk             |     3 |     3 ||     6
Armor: Robe              |     4 |    11 ||    15
Dodge: Dodged            |    12 |    29 ||    41
